 Dungeon Crawl Stone Soup version 0.30.1-11-g7821555f0a (webtiles) character file.

Game seed: 6533734134066384508

14213 DemonSlayer the Geomancer (level 11, -3/79 HPs)
             Began as a Demonspawn Earth Elementalist on Nov 14, 2023.
             Was an Elder of Dithmenos.
             Slain by a yak (13 damage)
             ... in a Gauntlet.
             The game lasted 00:27:18 (14007 turns).

DemonSlayer the Geomancer (DsEE)                   Turns: 14007, Time: 00:27:19

Health: -3/79      AC:  7    Str: 16    XL:     11   Next: 85%
Magic:  33/33      EV: 15    Int: 15    God:    Dithmenos [****..]
Gold:   764        SH:  4    Dex: 21    Spells: 19/29 levels left

rFire   + . .        y - +6 hand axe "Starlight" {heavy, Fly rF+ rN+ Int-2}
rCold   . . .        (no shield)
rNeg    + . .        q - +2 robe of Nixtawim {*Corrode Str+7 Dex+4 SInv}
rPois   +            (helmet restricted)
rElec   .            D - +0 cloak
rCorr   .            (no gloves)
SInv    +            (no boots)
Will    .....        (no amulet)
Stlth   ++++         c - ring of magical power
HPRegen 0.33/turn    r - ring of poison resistance
MPRegen 0.23/turn

%: no teleportation, corrode self (3%)
@: flying, slowed, wreathed by umbra, very slow
A: horns 1, rugged brown scales 2, powered by death 3, condensation shield
a: Renounce Religion, Shadow Step


You were in a Gauntlet.
You worshipped Dithmenos.
Dithmenos was greatly pleased with you.
You visited 1 branch of the dungeon, and saw 11 of its levels.
You also visited: Bailey and Gauntlet.

You collected 1091 gold pieces.
You spent 327 gold pieces at shops.

Inventory:

Hand Weapons
 h - the +3 short sword of Destiny {heavy, rF+ rN+++ SInv Stlth-}
   (You took it off a gnoll bouda in a bailey)

   rF:        It protects you from fire.
   rN:        It renders you almost immune to negative energy.
   SInv:      It lets you see invisible.
   Stlth:     It makes you less stealthy.
 n - a +1 dagger of protection
 y - the +6 hand axe "Starlight" (weapon) {heavy, Fly rF+ rN+ Int-2}
   (You found it on level 5 of the Dungeon)

   Int:       It affects your intelligence (-2).
   rF:        It protects you from fire.
   rN:        It protects you from negative energy.
   Fly:       It grants you flight.
Missiles
 A - 5 throwing nets
Armour
 q - the +2 robe of Nixtawim (worn) {*Corrode Str+7 Dex+4 SInv}
   (You found it on level 2 of the Dungeon)

   Str:       It affects your strength (+7).
   Dex:       It affects your dexterity (+4).
   SInv:      It lets you see invisible.
   *Corrode:  It may corrode you when you take damage.
 D - a +0 cloak (worn)
Jewellery
 c - a ring of magical power (left hand)
 d - a ring of positive energy
 j - a ring of see invisible
 p - a ring of willpower
 r - a ring of poison resistance (right hand)
 w - a ring of flight
 F - a ring of resist corrosion
Wands
 b - a wand of roots (16)
 s - a wand of flame (9)
 t - a wand of paralysis (23)
 x - a wand of digging (1)
 z - a wand of polymorph (24)
Scrolls
 f - 4 scrolls of teleportation
 g - 5 scrolls of fog
 i - 5 scrolls of enchant armour
 k - 2 scrolls of torment
 E - 3 scrolls of identify
Potions
 a - 3 potions of mutation
 e - a potion of ambrosia
 l - a potion of lignification
 m - 2 potions of brilliance
 o - 2 potions of attraction
 v - a potion of might
 C - 2 potions of flight


   Skills:
 + Level 3.8 Fighting
 + Level 1.4 Short Blades
 + Level 3.5 Axes
 + Level 5.3 Dodging
 + Level 4.1 Stealth
 + Level 2.7 Shields
 + Level 9.7 Spellcasting
 + Level 8.2 Conjurations
 + Level 0.8 Transmutations
 + Level 10.1 Earth Magic
 + Level 0.3 Evocations


You had 19 spell levels left.
You knew the following spells:

 Your Spells              Type           Power      Damage    Failure   Level
a - Sandblast             Erth           74%        2d16      1%          1
b - Stone Arrow           Conj/Erth      68%        3d11      1%          3
c - Petrify               Tmut/Erth      23%        N/A       11%         4
d - Passwall              Tmut/Erth      19%        N/A       1%          2

Your spell library contained the following spells:

 Spells                   Type           Power      Damage    Failure   Level
 Apportation              Tloc           14%        N/A       10%         1
 Necrotise                Necr           28%        1d5       10%         1
 Summon Small Mammal      Summ           28%        N/A       10%         1
 Cigotuvi's Dreadful Rot  Necr/Pois/Air  14%        N/A       16%         2
 Poisonous Vapours        Pois/Air       14%        N/A       16%         2
 Ozocubu's Armour         Ice            7%         N/A       30%         3
 Borgnjor's Vile Clutch   Necr/Erth      11%        N/A       34%         5
 Arcjolt                  Conj/Air       9%         1d19      45%         5
 Alistair's Intoxication  Tmut/Pois      5%         N/A       93%         5
 Agony                    Necr           7%         N/A       95%         5
 Eringya's Noxious Bog    Tmut/Pois      4%         N/A       100%        6
 Plasma Beam              Fire/Air       3%         2x1d15    100%        6
 Ozocubu's Refrigeration  Ice            3%         4d8       100%        7


Dungeon Overview and Level Annotations

Branches:
Dungeon (11/15)            Temple (0/1) D:7            Lair (0/5) D:8
 Bailey (visited)         Gauntlet (1/1)
    Orc: D:9-12

Altars:
Ashenzari
Dithmenos
Fedhas
Gozag
Hepliaklqana
Kikubaaqudgha
Qazlal
Trog
Yredelemnul

Shops:
D:6 ??(*

Annotations:
D:10 Fannar Gauntlet 9 transporters


Innate Abilities, Weirdness & Mutations

You have a pair of small horns on your head.
You are mostly covered in rugged brown scales. (AC +2, +5% HP)
You regenerate a lot of health from kills.
A meltable shield of frost defends you. (SH +4)


Message History

The stone arrow hits the yak!
The yak is heavily wounded.
The yak gores you! x2; The torpor snail barely misses you.
You are too injured to fight recklessly!
Unknown command.
The torpor snail attacks as you move away!
The torpor snail bites you!
* * * LOW HITPOINT WARNING * * *
The yak closely misses you. The yak attacks as you move away!
The yak gores you but does no damage.
Okay, then.
You are confused.
You feel invigorated. The yak gores you.
* * * LOW HITPOINT WARNING * * *
The floating eye turns its gaze towards you.
You slash the yak!
The yak is severely wounded.
Your shadow hits the yak with a hand axe.
You feel less invigorated.
You feel less confused. The yak gores you. You block the yak's attack.
You hit the yak.
The yak is almost dead.
The yak barely misses you. You block the yak's attack.
The yak gores you but does no damage.
You slash the yak!
You kill the yak!
Dithmenos accepts your kill. The yak gores you!
* * * LOW HITPOINT WARNING * * *
You hit the yak.
The yak is lightly wounded.
The yak completely misses you. The yak gores you.
* * * LOW HITPOINT WARNING * * *
The yak gores you!
* * * LOW HITPOINT WARNING * * *
You hit the yak.
The yak is lightly wounded.
The yak gores you!
You die...

................................§
######..###########..###########.
.....#..#.........#..#.........#.
.##..#..#.#.#.#.#.#..#.##...##.#.
#..#)#..#..#.#.#.!#..#.#.#.#.#.#.
#.J#.####.#.#.#.#.####..##.##.?#.
###.J#©©#..#.©w#.©#©©#..#.©.#.©#.
#..#J####.#.#.#Y#}####..# .##.)#.
#..#!#..#..#.#.#@.#..#t# #.#.#"#.
.##..#..#.#.#.#.#.#..#.##...##.#.
...J.#..#.........#..#.........#.
######..###########..###########.
.................................
................................∩
.#########..#########..#########.
.#.##GG..#..##G##G.##..##.#.#.##.
.#..##G.##..#G#..##.#..#Y#.#.#(#.


You could see a torpor snail, a ghost crab, an eye of devastation, a yak and a
floating eye.

Vanquished Creatures
  A two-headed ogre (D:8)
  The ghost of Fractals the Fighter, a novice KoBr (D:9)
  Lodul (D:10)
  Pikel (D:5)
  A cyclops (D:11)
  Joseph (D:7)
  An efreet (D:10)
  2 komodo dragons
  3 trolls
  A hornet (D:8)
  3 wyverns
  A shadow (D:10)
  11 yaks
  Grum (Bailey)
  A steam dragon (D:9)
  A vampire mosquito (D:6)
  5 water moccasins
  Duvessa (D:6)
  2 black bears
  3 orc warriors
  A sky beast (D:7)
  8 wolves (Bailey)
  12 ogres
  8 centaurs
  2 kobold brigands
  2 lemures (D:5)
  2 bullfrogs
  10 gnoll sergeants
  4 scorpions
  Dowan (D:6)
  16 killer bees (D:9)
  A jelly (D:5)
  4 howler monkeys
  8 hounds
  4 gnoll boudas (Bailey)
  7 orc priests
  A sleepcap (D:7)
  Jessica (D:3)
  4 orc wizards
  2 iguanas
  8 adders
  27 gnolls
  2 white imps
  2 ufetubi
  A worm (D:4)
  6 dart slugs
  17 orcs
  4 bats
  5 endoplasms
  5 giant cockroaches
  11 goblins
  3 hobgoblins
  2 quokkas
  5 ball pythons
  8 frilled lizards
  14 kobolds
  3 rats
263 creatures vanquished.

Vanquished Creatures (others)
  A fire dragon (D:10)
1 creature vanquished.

Grand Total: 264 creatures vanquished

Notes
Turn   | Place    | Note
-------+----------+-------------------------------------------
     0 | D:1      | DemonSlayer the Demonspawn Earth Elementalist began the
                  | quest for the Orb.
     0 | D:1      | Reached XP level 1. HP: 13/13 MP: 3/3
   236 | D:1      | Reached skill level 3 in Earth Magic
   238 | D:1      | Gained mutation: You regenerate a little health from kills.
                  | [demonic ancestry]
   238 | D:1      | Reached XP level 2. HP: 19/19 MP: 5/5
  1223 | D:2      | Gained mutation: You regenerate health from kills. [demonic
                  | ancestry]
  1223 | D:2      | Reached XP level 3. HP: 22/24 MP: 6/6
  1563 | D:2      | Found an ancient bone altar of Kikubaaqudgha.
  1569 | D:2      | Identified the +2 robe of Nixtawim {*Corrode Str+7 Dex+4
                  | SInv}
  1907 | D:3      | Gained mutation: You are partially covered in rugged brown
                  | scales. (AC +1, +3% HP) [demonic ancestry]
  1907 | D:3      | Reached XP level 4. HP: 24/30 MP: 7/7
  2038 | D:3      | Reached skill level 4 in Earth Magic
  2088 | D:3      | Noticed Jessica
  2093 | D:3      | Killed Jessica
  2215 | D:3      | Gained mutation: You are mostly covered in rugged brown
                  | scales. (AC +2, +5% HP) [demonic ancestry]
  2215 | D:3      | Reached XP level 5. HP: 30/36 MP: 9/9
  2471 | D:3      | Found an opulent altar of Gozag.
  2477 | D:3      | Found a basalt altar of Yredelemnul.
  2479 | D:3      | Found a hazy altar of Hepliaklqana.
  2479 | D:3      | Found a stormy altar of Qazlal.
  2480 | D:3      | Found a broken altar of Ashenzari.
  2482 | D:3      | Found a shadowy altar of Dithmenos.
  2484 | D:3      | Found a blossoming altar of Fedhas.
  2489 | D:3      | Became a worshipper of Dithmenos the Shadowed
  2650 | D:4      | Learned a level 3 spell: Stone Arrow
  2655 | D:4      | Learned a level 4 spell: Petrify
  3117 | D:4      | Noticed an ogre
  3121 | D:4      | Killed an ogre
  3122 | D:4      | Gained mutation: You regenerate a lot of health from kills.
                  | [demonic ancestry]
  3122 | D:4      | Reached XP level 6. HP: 43/43 MP: 11/11
  3261 | D:4      | Learned a level 2 spell: Passwall
  3322 | D:5      | Entered Level 5 of the Dungeon
  3353 | D:5      | Identified the +6 hand axe "Starlight" {heavy, Fly rF+ rN+
                  | Int-2}
  3417 | D:5      | Reached skill level 1 in Conjurations
  3435 | D:5      | Reached skill level 5 in Earth Magic
  3589 | D:5      | Noticed a water moccasin
  3596 | D:5      | Killed a water moccasin
  3597 | D:5      | Gained mutation: A meltable shield of frost defends you.
                  | (SH +4) [demonic ancestry]
  3597 | D:5      | Reached XP level 7. HP: 28/49 MP: 4/13
  3911 | D:5      | Reached skill level 1 in Short Blades
  4058 | D:5      | Reached * piety under Dithmenos
  4059 | D:5      | Reached skill level 1 in Fighting
  4131 | D:5      | Reached skill level 5 in Spellcasting
  4291 | D:5      | Noticed Pikel
  4627 | D:5      | Reached skill level 1 in Shields
  4627 | D:5      | Reached XP level 8. HP: 56/56 MP: 15/15
  4742 | D:5      | Killed Pikel
  4743 | D:5      | Reached skill level 6 in Earth Magic
  5559 | D:6      | Noticed Dowan
  5560 | D:6      | Noticed Duvessa
  5561 | D:6      | Killed Dowan
  5562 | D:6      | Reached XP level 9. HP: 64/64 MP: 18/18
  5572 | D:6      | Killed Duvessa
  5660 | D:6      | Reached skill level 7 in Earth Magic
  5828 | D:6      | Found Laafy's Weapon Boutique.
  5902 | D:6      | Found Catoul's General Store.
  5910 | D:6      | Bought a scroll of enchant armour for 97 gold pieces
  5910 | D:6      | Bought a potion of heal wounds for 65 gold pieces
  6163 | D:6      | Found Qasiz's Magic Scroll Boutique.
  6171 | D:6      | Bought a scroll of identify for 20 gold pieces
  6171 | D:6      | Bought a scroll of teleportation for 30 gold pieces
  6171 | D:6      | Bought a scroll of fear for 40 gold pieces
  6171 | D:6      | Bought a scroll of enchant armour for 75 gold pieces
  6238 | D:6      | Found a bloodstained altar of Trog.
  6341 | D:6      | Found Kaumusaha's Magic Scroll Emporium.
  6642 | D:7      | Noticed Joseph
  6656 | D:7      | Killed Joseph
  6657 | D:7      | Reached skill level 1 in Axes
  6812 | D:7      | Found a staircase to the Ecumenical Temple.
  6891 | D:7      | Reached ** piety under Dithmenos
  7128 | D:7      | Got Performing Successful Gnosis
  7476 | D:7      | Reached skill level 5 in Conjurations
  7984 | D:8      | Noticed a two-headed ogre
  7989 | D:8      | Killed a two-headed ogre
  7990 | D:8      | Reached XP level 10. HP: 71/71 MP: 16/21
  8131 | D:8      | Found a staircase to the Lair.
  8144 | D:8      | Reached skill level 8 in Earth Magic
  9080 | D:9      | Reached *** piety under Dithmenos
  9085 | D:9      | Found a flagged portal.
  9094 | Bailey   | Entered a bailey
 10051 | Bailey   | Identified the +3 short sword of Destiny {heavy, rF+ rN+++
                  | SInv Stlth-}
 10131 | Bailey   | Noticed Grum
 10762 | Bailey   | Killed Grum
 11010 | D:9      | Got the Handbook of Horrible Anemomancy
 11067 | D:9      | Found a large runed translucent door.
 11068 | D:9      | Found a large runed translucent door.
 11070 | D:9      | Noticed Fractals's ghost (novice KoBr)
 11644 | D:9      | Gained mutation: You have a pair of small horns on your
                  | head. [demonic ancestry]
 11644 | D:9      | Reached XP level 11. HP: 77/78 MP: 11/23
 11815 | D:9      | Reached skill level 9 in Earth Magic
 12402 | D:9      | Killed Fractals's ghost
 12517 | D:10     | Entered Level 10 of the Dungeon
 12622 | D:10     | Reached **** piety under Dithmenos
 12826 | D:10     | Reached skill level 5 in Dodging
 12880 | D:10     | Noticed a fire dragon
 12885 | D:10     | Killed a fire dragon
 12898 | D:10     | HP: 3/78 [efreet/fireball (11)]
 12938 | D:10     | Noticed Lodul
 13198 | D:10     | Killed Lodul
 13473 | D:10     | Noticed Fannar
 13682 | D:11     | Reached skill level 10 in Earth Magic
 13714 | D:11     | Found a gate leading to a gauntlet.
 13724 | Gauntlet | Entered a Gauntlet
 13724 | Gauntlet | Found a transporter.
 13724 | Gauntlet | Found a transporter.
 13724 | Gauntlet | Found a transporter.
 13794 | Gauntlet | Found a transporter.
 13805 | Gauntlet | Found a transporter.
 13842 | Gauntlet | Found a transporter.
 13844 | Gauntlet | Found a transporter.
 13854 | Gauntlet | Found a transporter.
 13868 | Gauntlet | Noticed a ghost crab
 13871 | Gauntlet | Noticed a catoblepas
 13874 | Gauntlet | Found a transporter.
 13889 | Gauntlet | Found a transporter.
 13892 | Gauntlet | Found a transporter.
 13900 | Gauntlet | Found a transporter.
 14007 | Gauntlet | Slain by a yak

Illustrated notes

Levels and vault maps discovered:
D:1:      psy_arrival_fountain, layout_basic,
          nicolae_concentric_dashed_squares_wild
D:2:      layout_loops_ring, basic_altar
D:3:      layout_basic, minitemple, uniq_jessica
D:4:      layout_basic, nicolae_elevator_lobby_plus
D:5:      layout_basic, minmay_increasing_density, uniq_pikel
D:6:      minmay_spotlight, layout_basic, trog_book, serial_shops,
          nicolae_shop_tiny_real_fake_doors, shop, kennysheep_mini,
          nicolae_shop_tiny_waterfront, uniq_duvessa
D:7:      layout_basic, minmay_temple_entry_offerings, serial_corexii_hall,
          chequers_hall_statues_wall_a, chequers_hall_statues_wall_a,
          uniq_joseph
D:8:      layout_loops_ring, david_lair_shrubbed
D:9:      layout_roguey, ebering_ghost_disaster_area, enter_bailey_2
D:10:     minmay_ornate_pinched, layout_basic,
          grunt_temple_overflow_lords_of_destruction, roderic_roman_lattice,
          billiards_dpeg, uniq_maggie, uniq_lodul, uniq_fannar
D:11:     layout_long_grid, orc_david_3, enter_trove_3, gauntlet_entry_generic,
          serial_bayou_lake_a
Gauntlet: minmay_gauntlet_mixed_big_or_small [nicolae_gauntlet_arena_quarters,
          minmay_gauntlet_arena_77_fan, gammafunk_gauntlet_arena_grid,
          minmay_gauntlet_arena_77_mess, gammafunk_gauntlet_arena_corners,
          minmay_gauntlet_arena_77_checkered, gauntlet_exit_hidden_loot]

Skill      XL: |  1  2  3  4  5  6  7  8  9 10 11 |
---------------+----------------------------------+-----
Dodging        | 2 3 4 5 |  5.3
Earth Magic    | 3 4 5 6 7 8 10 | 10.1
Stealth        | 2 3 4 |  4.1
Spellcasting   | 3 4 5 6 7 8 9 |  9.7
Conjurations   | 1 2 3 5 6 8 |  8.2
Short Blades   | 1 |  1.4
Fighting       | 1 2 3 |  3.8
Shields        | 1 2 |  2.7
Axes           | 2 3 |  3.5
Transmutations | |  0.8
Evocations     | |  0.3

Action                     |  1- 3 |  4- 6 |  7- 9 | 10-12 || total
---------------------------+-------+-------+-------+-------++-------
  Melee: Dagger            |    20 |    18 |    52 |       ||    90
         Punch             |       |       |     2 |     1 ||     3
         Hand axe          |       |       |    29 |    97 ||   126
         Headbutt          |       |       |       |    10 ||    10
   Cast: Sandblast         |    55 |    59 |    14 |       ||   128
         Stone Arrow       |       |     7 |   126 |   269 ||   402
  Evoke: Wand              |       |       |     2 |       ||     2
    Use: Scroll            |     7 |     4 |     6 |     7 ||    24
         Potion            |       |       |     4 |     9 ||    13
   Stab: Sleeping          |     1 |     5 |     1 |       ||     7
         Invisible         |       |       |       |     4 ||     4
 Armour: Robe              |    16 |    17 |    35 |    58 ||   126
  Dodge: Dodged            |    35 |    33 |   147 |   309 ||   524
  Block: Other             |       |       |    36 |    64 ||   100
